Map: Whispers of Gold

Players

spartak - Winner!

  • Race: Terran Terran
  • League: Platinum
  • Spawn Location: 5:00

Xsenos

  • Race: Zerg Zerg
  • League: Gold
  • Spawn Location: 9:00

VOD

Have the link to the VOD?

Description

Time

  • Played on: April 5, 2025, 3:21 a.m.
  • Length: 22:06
Show
View Real Time Build Order
Export as new Build Order

spartak Terran - Winner!

Build Orders: Mech 

Get SALT Encoding   

  12  0:03  SCV  
  13  0:15  SCV  
  14  0:27  Supply Depot, SCV  
  15  0:33  Refinery  
  15  0:48  SCV  
  16  0:51  Barracks  
  16  1:00  SCV  
  16  1:01  Refinery  
  17  1:12  SCV  
  18  1:24  SCV  
  19  1:37  SCV  
  19  1:39  Barracks Tech Lab  
  20  1:40  Ghost Academy  
  20  1:49  Orbital Command  
  20  1:54  Supply Depot  
  20  2:09  Ghost  
  23  2:16  SCV  
  24  2:33  SCV  
  24  2:34  Factory  
  25  2:39  Supply Depot  
  25  2:55  Ghost  
  25  2:58  SCV  
  29  3:07  Command Center  
  29  3:15  SCV  
  30  3:20  Factory Reactor  
  30  3:24  Ghost  
  33  3:29  SCV  
  34  3:39  Supply Depot  
  34  3:44  SCV  
  35  3:51  Factory  
  35  3:56  SCV  
  35  4:01  Hellion x2  
  40  4:08  SCV  
  41  4:20  Orbital Command, SCV  
  41  4:21  Ghost  
  45  4:31  Hellion  
  45  4:32  Hellion  
  45  4:34  Factory Tech Lab  
  45  4:36  SCV  
  50  4:48  SCV  
  51  4:54  Infernal Pre-Igniter, Hellion x3  
  51  4:56  SCV  
  51  4:59  Nuke  
  58  5:01  SCV  
  42  5:54  Siege Tank  
  42  5:55  Ghost, Hellion x2  
  47  5:57  SCV x2  
  47  6:00  Refinery x2  
  47  6:04  Personal Cloaking  
  45  6:07  Command Center  
  45  6:09  Command Center, SCV  
  45  6:10  SCV  
  47  6:20  Widow Mine x2  
  47  6:21  SCV  
  47  6:23  SCV  
  53  6:33  Siege Tank  
  53  6:34  SCV  
  53  6:35  SCV  
  58  6:41  Command Center  
  58  6:43  Factory  
  58  6:52  Ghost  
  61  6:55  SCV  
  61  6:59  Supply Depot x2  
  62  7:02  Supply Depot  
  62  7:05  Armory  
  62  7:18  Siege Tank, Widow Mine x2, SCV x2  
  71  7:25  Engineering Bay  
  71  7:30  SCV  
  71  7:31  Ghost  
  71  7:33  Orbital Command  
  71  7:35  SCV  
  76  7:41  Armory, SCV  
  76  7:42  SCV  
  78  7:44  Hellion  
  78  7:46  Widow Mine  
  78  7:47  Factory Tech Lab, SCV  
  83  7:57  Planetary Fortress  
  83  7:58  SCV  
  83  7:59  SCV  
  85  8:07  SCV x2  
  85  8:09  Supply Depot  
  85  8:11  SCV  
  89  8:19  SCV  
  91  8:20  SCV  
  91  8:22  Factory x2, Orbital Command  
  91  8:23  SCV  
  91  8:24  Drilling Claws  
  91  8:30  Missile Turret  
  91  8:35  Ghost  
  94  8:42  SCV  
  94  8:43  SCV x3  
  98  8:50  Siege Tank  
  98  8:51  Siege Tank  
  98  8:52  Widow Mine x2  
  98  8:55  SCV  
  109  8:57  Refinery, SCV x3  
  109  8:58  Missile Turret, SCV  
  109  8:59  Refinery  
  109  9:02  Missile Turret  
  113  9:03  Missile Turret  
  113  9:07  Missile Turret  
  88  9:33  Missile Turret  
  88  9:37  SCV  
  88  9:38  SCV x2  
  89  9:40  Factory Tech Lab, Factory Reactor  
  89  9:48  Hellion x3  
  89  9:49  Hellion, SCV  
  89  9:50  SCV x2  
  100  9:57  Ghost  
  100  9:59  Command Center, Terran Vehicle Weapons Level 1  
  103  10:00  Terran Vehicle And Ship Armor Level 1  
  103  10:07  Missile Turret  
  103  10:09  Barracks  
  103  10:10  Barracks  
  103  10:17  Missile Turret  
  103  10:18  Missile Turret x2  
  103  10:19  Barracks, Missile Turret  
  103  10:20  Missile Turret  
  103  10:28  Hellion x2, Widow Mine x3  
  113  10:29  Hellion x2  
  117  10:35  Orbital Command  
  117  10:36  Nuke  
  117  10:40  Missile Turret  
  117  10:41  SCV x3  
  117  10:42  Missile Turret  
  120  10:43  Missile Turret  
  120  10:50  Command Center  
  120  10:54  Missile Turret, Siege Tank x2  
  129  10:57  Siege Tank  
  129  10:59  Missile Turret  
  127  11:16  Missile Turret  
  125  11:23  SCV  
  126  11:26  Missile Turret  
  126  11:27  Cyclone x2, Widow Mine x3  
  126  11:28  Mag-Field Accelerator  
  126  11:29  Cyclone  
  126  11:30  Missile Turret  
  126  11:31  Hi-Sec Auto Tracking  
  125  12:04  Widow Mine x4  
  125  12:05  Cyclone x3  
  125  12:08  Refinery  
  142  12:09  Refinery  
  142  12:16  Ghost  
  142  12:18  Barracks Tech Lab  
  142  12:19  Barracks Tech Lab x2  
  145  12:23  Terran Vehicle And Ship Armor Level 2, Terran Vehicle Weapons Level 2  
  145  12:26  SCV x4  
  145  12:27  SCV x2  
  145  12:28  Neosteel Armor  
  151  12:30  Missile Turret x2  
  151  12:34  Planetary Fortress  
  151  12:37  Cyclone  
  154  12:38  SCV  
  155  12:44  Cyclone x2  
  155  12:45  Widow Mine x4  
  169  12:53  Missile Turret  
  169  12:56  Supply Depot  
  169  12:57  Supply Depot  
  169  13:00  Supply Depot  
  169  13:09  Nuke  
  169  13:17  Ghost x2  
  169  13:18  Ghost x2, Widow Mine  
  169  13:19  Missile Turret  
  183  13:22  Supply Depot  
  183  13:23  Supply Depot  
  153  13:44  Cyclone x2  
  153  13:45  Cyclone, Widow Mine x2  
  153  13:46  Widow Mine x2  
  165  14:04  Missile Turret  
  165  14:07  Missile Turret, Widow Mine  
  165  14:09  Missile Turret x2, Terran Infantry Weapons Level 1  
  167  14:10  Missile Turret  
  167  14:12  Missile Turret  
  167  14:13  Missile Turret  
  167  14:16  Missile Turret, Cyclone  
  167  14:17  Missile Turret  
  170  14:18  Missile Turret, Ghost x4  
  170  14:20  Widow Mine x2  
  170  14:21  Widow Mine  
  170  14:22  Cyclone  
  191  14:42  Hellion x4  
  199  14:50  Command Center  
  199  14:54  Command Center  
  199  14:55  Command Center  
  199  14:56  Command Center  
  164  15:24  Ghost x4  
  164  15:26  Siege Tank x3  
  164  15:27  Widow Mine x4  
  193  15:44  Planetary Fortress  
  193  15:46  SCV x4  
  193  15:48  Widow Mine  
  199  15:59  Missile Turret  
  199  16:01  Missile Turret x3  
  199  16:03  Terran Infantry Armor Level 1  
  199  16:04  Starport  
  199  16:05  Missile Turret  
  199  16:06  Missile Turret  
  195  16:16  Refinery  
  195  16:17  Refinery  
  189  16:24  Missile Turret  
  189  16:36  Missile Turret  
  189  16:37  Command Center, Missile Turret  
  189  16:38  Missile Turret  
  189  16:40  Missile Turret  
  187  16:57  Sensor Tower  
  187  16:59  Missile Turret  
  187  17:11  Ghost  
  187  17:12  Ghost x2  
  196  17:35  Nuke  
  196  17:40  Ghost Academy x2  
  196  17:44  Ghost Academy  
  196  17:52  Planetary Fortress  
  196  18:00  Missile Turret  
  196  18:08  Starport Reactor  
  196  18:09  Orbital Command  
  196  18:10  Ghost Academy  
  196  18:11  Nuke x2  
  192  18:51  Widow Mine x4  
  200  18:58  Command Center  
  200  18:59  Command Center  
  200  19:02  Nuke x2  
  200  19:08  Command Center  
  200  19:12  Refinery  
  194  19:36  Refinery  
  194  19:39  Nuke x2  
  161  19:56  Cyclone x2  
  161  19:57  Cyclone  
  161  19:58  Medivac x2, Ghost, Widow Mine x3  
  161  19:59  Ghost x3  
  192  20:16  Nuke x2  
  192  20:35  Nuke x2  
  192  20:53  Planetary Fortress  
  192  21:07  Missile Turret  
  192  21:08  Missile Turret x2  
  192  21:09  Missile Turret x4, Orbital Command x3  
  192  21:10  Missile Turret  
  192  21:11  Missile Turret x2  
  192  21:13  Missile Turret  
  192  21:14  Missile Turret  
  192  21:17  Orbital Command x2  
  192  21:20  Ghost x2  
  198  21:28  Missile Turret  
  198  21:30  Missile Turret x2  
  198  21:31  Missile Turret  
  198  21:34  Missile Turret x2  
Show
View Real Time Build Order
Export as new Build Order

Xsenos Zerg 

Build Orders: Hatch First 

Get SALT Encoding   

  12  0:00  Drone  
  13  0:10  Drone  
  14  0:18  Overlord  
  14  0:37  Drone x2  
  14  0:38  Drone  
  17  0:53  Hatchery  
  17  0:56  Drone  
  17  1:00  Drone  
  18  1:13  Spawning Pool  
  18  1:18  Extractor, Drone  
  16  1:22  Drone  
  18  1:36  Drone  
  19  1:47  Overlord  
  19  2:01  Queen  
  19  2:05  Queen  
  23  2:12  Extractor, Drone  
  23  2:13  Drone x2  
  25  2:15  Drone  
  26  2:43  Queen  
  28  2:54  Overlord  
  28  2:55  Overlord x2  
  28  2:59  Lair  
  28  3:21  Drone  
  28  3:22  Drone x5  
  28  3:23  Drone x3  
  28  3:26  Drone  
  38  3:30  Drone  
  39  3:43  Overlord  
  39  3:44  Overlord  
  39  3:56  Drone x4  
  39  3:57  Drone  
  39  3:59  Overlord  
  44  4:03  Overseer  
  44  4:08  Overseer  
  44  4:33  Extractor x2  
  44  4:35  Drone x2, Roach Warren  
  44  4:36  Drone x3  
  44  4:37  Drone  
  44  4:38  Drone x3  
  49  4:40  Overlord x2  
  49  4:42  Overseer  
  50  5:02  Burrow  
  50  5:03  Pneumatized Carapace  
  50  5:16  Roach x5  
  50  5:17  Roach x6  
  50  5:18  Roach  
  60  6:01  Overlord x2  
  60  6:02  Overlord  
  60  6:13  Queen  
  60  6:17  Glial Reconstitution  
  62  6:26  Drone x3  
  62  6:28  Roach  
  62  6:29  Roach x5  
  77  6:33  Roach  
  79  6:41  Overseer  
  79  6:45  Roach x9  
  79  6:48  Queen  
  81  6:57  Spire  
  80  7:03  Hatchery  
  79  7:09  Roach  
  79  7:10  Roach x5  
  79  7:11  Overlord  
  91  7:31  Overlord x2  
  91  7:32  Overlord  
  91  7:35  Tunneling Claws  
  91  7:37  Metabolic Boost  
  91  7:46  Overlord  
  91  7:47  Overlord  
  91  7:59  Roach x4  
  91  8:00  Roach x4  
  107  8:08  Extractor  
  107  8:11  Roach x5  
  107  8:12  Extractor  
  115  8:15  Zerg Flyer Weapons Level 1  
  115  8:29  Queen  
  115  8:31  Drone x4  
  115  8:32  Drone x2  
  123  8:35  Drone  
  124  8:44  Roach x32  
  58  9:36  Drone  
  58  9:37  Drone x4  
  58  9:38  Drone x3  
  64  9:39  Drone x5  
  64  9:40  Drone  
  64  9:42  Overlord x5  
  72  10:10  Zerg Flyer Armor Level 1  
  72  10:23  Mutalisk x3  
  72  10:24  Mutalisk x5  
  72  10:25  Mutalisk x5  
  72  10:26  Mutalisk x4  
  106  10:32  Drone  
  106  10:33  Hatchery  
  102  11:12  Hatchery  
  72  12:09  Drone x5  
  72  12:10  Drone x3  
  72  12:12  Drone x2  
  72  12:13  Drone x2  
  72  12:14  Drone x2  
  72  12:15  Drone x2  
  88  12:16  Drone x4  
  88  12:18  Mutalisk x2  
  88  12:19  Mutalisk x6  
  88  12:20  Mutalisk  
  110  12:26  Extractor  
  109  12:39  Hatchery  
  108  12:46  Zerg Flyer Weapons Level 2  
  70  14:00  Mutalisk x4  
  70  14:01  Mutalisk x6  
  70  14:02  Mutalisk x5  
  94  14:05  Zergling x10  
  94  14:06  Zergling x12  
  94  14:07  Zergling x4  
  113  14:27  Extractor  
  113  14:30  Extractor  
  111  15:02  Zerg Flyer Armor Level 2  
  62  15:17  Zergling x2  
  62  15:18  Zergling x12  
  62  15:19  Zergling x6  
  62  15:20  Zergling x12  
  62  15:21  Zergling x4  
  75  15:25  Overseer  
  72  15:52  Infestation Pit  
  53  16:57  Mutalisk x5  
  53  16:58  Mutalisk x6  
  53  16:59  Mutalisk x6  
  53  17:00  Mutalisk x6  
  99  17:02  Overlord  
  99  17:17  Hive  
  99  17:26  Queen  
  83  17:59  Overseer  
  75  18:38  Ultralisk Cavern  
  71  18:51  Zergling x2  
  71  18:52  Zergling x26  
  71  18:53  Zergling x32  
  101  19:04  Extractor  
  72  19:42  Drone x3  
  72  19:43  Drone x7  
  58  19:59  Chitinous Plating  
  58  20:02  Ultralisk x3  
  58  20:03  Ultralisk  
  58  20:05  Ultralisk  
  106  20:07  Overlord  
  106  20:09  Overlord  
  69  21:04  Hatchery, Ultralisk x5  
  86  21:08  Extractor, Zergling x2  
  86  21:09  Zergling x12  
  104  21:18  Anabolic Synthesis  
Tags
 
Composition
Mech
Matchup
ЗvТ
Spawn Locations
Cross Positions
Add a new tag
Caveats
  • Supply blocks, unpowered buildings, or Contaminate may cause inaccurate times.
  • Supply counts are checked every 10 seconds.